 Dungeon Crawl Stone Soup version 0.19.1 (webtiles) character file.

270 Haldmier the Bolt Thrower (level 6, 0/35 HPs)
             Began as a Kobold Arcane Marksman on Dec 20, 2016.
             Slain by a gnoll
             ... wielding a +3 flail of protection
              (8 damage)
             ... on level 3 of the Dungeon.
             The game lasted 00:18:22 (4652 turns).

Haldmier the Bolt Thrower (Kobold Arcane Marksman)  Turns: 4652, Time: 00:18:23

Health: 0/35       AC:  3    Str:  9    XL:     6   Next: 47%
Magic:  6/8        EV: 15    Int: 14    God:
Gold:   151        SH:  0    Dex: 16    Spells: 2 memorised, 5 levels left

rFire  . . .     SeeInvis .     g - +2 short sword (vamp)
rCold  . . .     Gourm    .     e - +0 robe
rNeg   . . .     Faith    .     (shield restricted)
rPois  .         Spirit   .     (no helmet)
rElec  .         Reflect  .     (no cloak)
rCorr  .         Harm     .     (no gloves)
MR     .....                    (no boots)
Stlth  ++........               (no amulet)
                                (no ring)
                                r - +1 ring of protection

@: no status effects
A: carnivore 3
a: no special abilities


You were on level 3 of the Dungeon.
You were very full.

You visited 1 branch of the dungeon, and saw 4 of its levels.

You collected 151 gold pieces.

Inventory:

Hand Weapons
 a - a +0 hand crossbow
 b - a +1 dagger of protection
 g - a +2 vampiric short sword (weapon)
Missiles
 d - 65 bolts
Armour
 e - a +0 robe (worn)
 s - a +0 leather armour
Jewellery
 r - a +1 ring of protection (left hand)
 A - an uncursed ring of ice {unknown}
Scrolls
 h - a scroll of teleportation {unknown}
 i - 3 scrolls of identify {unknown}
 l - a scroll of amnesia {unknown}
 o - 2 scrolls of random uselessness {unknown}
 p - a scroll of magic mapping {unknown}
 t - a scroll of fog {unknown}
 v - a scroll of recharging {unknown}
 x - a scroll of remove curse {unknown}
 y - a scroll of immolation {unknown}
 B - a scroll of noise {unknown}
Potions
 k - a potion of ambrosia {unknown}
 n - a potion of resistance {unknown}
 q - a potion of brilliance {unknown}
 w - a potion of heal wounds {unknown}
 z - a potion of magic {unknown}
Books
 c - a book of Debilitation

   Spells                             Type                      Level
   a - Corona                         Hexes                        1
   b - Slow                           Hexes                        2
   c - Gell's Gravitas                Hexes/Translocation          3
   d - Inner Flame                    Hexes/Fire                   3
   e - Cause Fear                     Hexes                        4
   f - Leda's Liquefaction            Hexes/Earth                  4
Comestibles
 f - 3 meat rations
 j - a beef jerky
 m - 3 royal jellies
 u - a chunk of flesh


   Skills:
 + Level 1.8 Fighting
 + Level 1.1 Short Blades
 + Level 6.7 Crossbows
 - Level 2.4 Dodging
 + Level 1.1 Stealth
 + Level 1.9 Spellcasting
 + Level 3.2 Hexes


You had 5 spell levels left.
You knew the following spells:

 Your Spells              Type           Power        Failure   Level  Hunger
a - Corona                Hex            ##.....      10%         1    ##.....
b - Slow                  Hex            ##......     12%         2    ###....


Dungeon Overview and Level Annotations

Branches:
Dungeon (4/15)
 Temple: D:4-7

Altars:
Qazlal


Innate Abilities, Weirdness & Mutations

You are small and have problems with some larger weapons.
You are carnivorous and can eat meat at any time.


Message History

You barely miss the gnoll.
The gnoll is severely wounded.
The gnoll is no longer moving slowly.
You barely miss the gnoll.
The gnoll is severely wounded.
The gnoll hits you with a flail of protection!
* * * LOW HITPOINT WARNING * * *
You take 13 damage, and have 3/35 hp.
MASSIVE DAMAGE!!
There is an open door here.
You see here a +0 short sword.
MP restored: 8 You see here a robe.
Casting: Corona
Confirm with . or Enter, or press ? or * to list all spells.
Aiming: Slow
Press: ? - help, Shift-Dir - straight line, f/p - gnoll
Aim: a gnoll, wielding a flail of protection (heavily wounded, chance to defeat MR: 54%)
The gnoll seems to slow down.
The gnoll hits you with a flail of protection!
You die...

...###### #..........# ........#
#..........#
##.####.########......<...#
#............)'..........#######
########.#######.................
.....[....# #.................
........#.## #######'###.......
........#..###########.##########
........'......g@................
........##..#########..##########
........###.## ##..#.....##..
........# #..# #......##.##.<
........# ##.#######.....[##.##..
######### #..............##.##..
.).# ##..#####.......##..'..
##[########...# #.......#####..
..........#..## #.......# #..


You could see a gnoll.

Vanquished Creatures
  An orc priest (D:3)
  Jessica (D:3)
  6 gnolls (D:3)
  6 adders
  2 oozes
  A worm (D:1)
  2 dart slugs
  8 leopard geckos
  9 orcs
  2 ball pythons (D:1)
  4 bats
  8 giant cockroaches
  4 goblins
  3 hobgoblins
  4 jackals (D:3)
  2 frilled lizards
  6 kobolds
  7 rats
76 creatures vanquished.

Notes
Turn   | Place    | Note
-------+----------+-------------------------------------------
     0 | D:1      | Haldmier the Kobold Arcane Marksman began the quest for the Orb.
     0 | D:1      | Reached XP level 1. HP: 12/12 MP: 2/2
   308 | D:1      | Reached skill level 3 in Crossbows
   349 | D:1      | Reached XP level 2. HP: 16/16 MP: 3/3
   525 | D:1      | Learned a level 2 spell: Slow
   896 | D:1      | Reached XP level 3. HP: 20/20 MP: 1/4
   949 | D:1      | Reached skill level 4 in Crossbows
  2017 | D:2      | Reached skill level 5 in Crossbows
  2017 | D:2      | Reached XP level 4. HP: 22/25 MP: 0/5
  3134 | D:3      | Found a stormy altar of Qazlal.
  3268 | D:3      | Reached XP level 5. HP: 28/29 MP: 0/6
  3331 | D:3      | Noticed Jessica
  3342 | D:3      | Killed Jessica
  3342 | D:3      | Reached skill level 6 in Crossbows
  3932 | D:3      | Reached XP level 6. HP: 31/34 MP: 5/8
  4105 | D:3      | Reached skill level 1 in Short Blades
  4505 | D:3      | Reached skill level 1 in Stealth
  4652 | D:3      | Slain by a gnoll

Skill      XL: |  1  2  3  4  5  6 |
---------------+-------------------+-----
Crossbows      | 3 5 6 |  6.7
Short Blades   | 1 |  1.1
Stealth        | 1 |  1.1
Fighting       | |  1.8
Dodging        | |  2.4
Spellcasting   | |  1.9
Hexes          | |  3.2

Action                   |  1- 3 |  4- 6 || total
-------------------------+-------+-------++-------
Melee: Short sword       |    86 |    93 ||   179
       Dagger            |       |    79 ||    79
 Fire: Hand crossbow     |    30 |    70 ||   100
 Cast: Corona            |     9 |    34 ||    43
       Slow              |     4 |    11 ||    15
  Eat: Chunk             |    11 |    16 ||    27
Armor: Robe              |    14 |    38 ||    52
Dodge: Dodged            |    76 |   211 ||   287
